 Dungeon Crawl Stone Soup version 0.26.0-20-g3ca415f5b8 (webtiles) character file.

Game seed: 6445462833142215401

0 kaeus the Firebug (level 1, 0/10 HPs)
             Began as a Gargoyle Fire Elementalist on Jan 24, 2021.
             Slain by a dart slug (1 damage)
             ... on level 1 of the Dungeon.
             The game lasted 00:00:22 (42 turns).

kaeus the Firebug (Gargoyle Fire Elementalist)        Turns: 42, Time: 00:00:23

Health: 0/10       AC:  4    Str: 11    XL:     1   Next: 0%
Magic:  1/3        EV:  9    Int: 15    God:
Gold:   0          SH:  0    Dex: 10    Spells: 3/4 levels left

rFire    . . .     SeeInvis .   (no weapon)
rCold    . . .     Faith    .   (no shield)
rNeg     + . .     Spirit   .   a - +0 robe
rPois    ∞         Reflect  .   (no helmet)
rElec    +         Harm     .   (no cloak)
rCorr    .         Rampage  .   (no gloves)
Will     .....                  (no boots)
Stlth    ++........             (no amulet)
HPRegen  0.03/turn              (no ring)
MPRegen  0.08/turn              (no ring)

@: very slightly contaminated, constricted
A: negative energy resistance 1, electricity resistance, unbreathing,
petrification resistance, miasma immunity, AC +2
a: no special abilities


You were on level 1 of the Dungeon.
You visited 1 branch of the dungeon, and saw 1 of its levels.

Inventory:

Armour
 a - a +0 robe (worn)
Potions
 b - a potion of lignification {unknown}


   Skills:
 - Level 1.5 Dodging
 - Level 2.1 Stealth
 + Level 2.0 Spellcasting
 * Level 1.1 Conjurations
 * Level 3.0 Fire Magic


You had 3 spell levels left.
You knew the following spells:

 Your Spells              Type           Power        Failure   Level
a - Foxfire               Conj/Fire      28%          10%         1

Your spell library contained the following spells:

 Spells                   Type           Power        Failure   Level
 Conjure Flame            Conj/Fire      7%           28%         3
 Inner Flame              Hex/Fire       6%           34%         3
 Sticky Flame             Conj/Fire      7%           67%         4
 Fireball                 Conj/Fire      3%           95%         5


Dungeon Overview and Level Annotations

Branches:
Dungeon (1/15)

Altars:


Innate Abilities, Weirdness & Mutations

You are resistant to torment.
Your stone body is resilient. (AC +2)
You are immune to poison.
You resist negative energy. (rN+)
You are resistant to electric shocks. (rElec)
You can survive without breathing.
You are immune to petrification.
You are immune to miasma.


Message History

Nothing appears to happen.
The dart slug launches a dart at you. The slug dart hits you.
* * * LOW HITPOINT WARNING * * *
The ball python bites you but does no damage.
The ball python constricts you.
You take 3 damage, and have 2/10 hp.
MASSIVE DAMAGE!!
You now have 1/3 mp.
The ball python completely misses you.
* * * LOW HITPOINT WARNING * * *
The ball python constricts you.
You take 1 damage, and have 1/10 hp.
You barely miss the ball python.
The ball python is severely wounded.
The ball python closely misses you. The ball python constricts you.
The dart slug barely misses you.
You closely miss the ball python.
The ball python is severely wounded.
The ball python barely misses you. The ball python constricts you.
The dart slug bites you.
You die...

#. #. ####### #.
#.....# #### ## #.#
#..<..###... ...
#..###.....#...###.#.
#..####.###.........
#.....'''........#
#..#########Sw...#.?
###..#..†....#@w......
#....#.≈X≈≈≈†#........
#.#..#†≈≈≈≈≈.#.#....#.
#.#..#[≈≈≈≈≈.#.#......
# #..#..†....#.###..#.
##.#########.# ..#
#...........# ...
>)..##.#.#### ##
####.##...


You could see 2 dart slugs, a ball python and a neutral kraken (wandering).

Vanquished Creatures (others)
  A minotaur (D:1)
  A draconian (D:1)
  An octopode (D:1)
  A gargoyle (D:1)
  A vine stalker (D:1)
  A troll (D:1)
  A formicid (D:1)
  2 vampires (D:1)
  A spriggan (D:1)
  A naga (D:1)
  A centaur (D:1)
  A mummy (D:1)
  An orc (D:1)
  A kobold (D:1)
  2 foxfires (D:1)
  5 tentacles (D:1)
22 creatures vanquished.

Notes
Turn   | Place    | Note
-------+----------+-------------------------------------------
     0 | D:1      | kaeus the Gargoyle Fire Elementalist began the quest for
                  | the Orb.
     0 | D:1      | Reached XP level 1. HP: 10/10 MP: 3/3
     2 | D:1      | Noticed a minotaur
     2 | D:1      | Noticed a vampire
     2 | D:1      | Noticed a vampire
     2 | D:1      | Noticed a draconian
     2 | D:1      | Noticed a centaur
     2 | D:1      | Noticed an octopode
     2 | D:1      | Noticed a kraken
     2 | D:1      | Noticed a vine stalker
     2 | D:1      | Noticed a gargoyle
     2 | D:1      | Noticed a naga
     2 | D:1      | Noticed a formicid
     2 | D:1      | Noticed a troll
     2 | D:1      | Noticed a spriggan
     8 | D:1      | Killed a centaur
    10 | D:1      | Killed an octopode
    11 | D:1      | Killed a vampire
    12 | D:1      | Killed a vampire
    12 | D:1      | Killed a draconian
    14 | D:1      | Killed a spriggan
    15 | D:1      | Killed a minotaur
    15 | D:1      | Killed a gargoyle
    16 | D:1      | Killed a vine stalker
    16 | D:1      | Killed a troll
    17 | D:1      | Killed a naga
    18 | D:1      | Killed a formicid
    42 | D:1      | Slain by a dart slug

Illustrated notes

Levels and vault maps discovered:
D:1:      nicolae_arrival_kraken_aquarium_b, layout_loops_cross, serial_rivers,
          chequers_serial_rivers_micro_a, chequers_serial_rivers_micro_e,
          chequers_serial_rivers_micro_c, chequers_serial_rivers_small_b,
          chequers_serial_rivers_small_3

Action                   || total
-------------------------++-------
Melee: Unarmed           ||     3
 Cast: Foxfire           ||     1
Armor: Robe              ||     2
Dodge: Dodged            ||    11
